BlueJackets vs Wild

Created - October 19 2007 at 19:13

Goals
1 2 3 T
BlueJackets 2 1 0 3
Wild 1 1 0 2
Shots
1 2 3 T
BlueJackets 9 9 13 31
Wild 10 12 7 29

Period #1

1. BlueJackets , Anze Kopitar 2 (Jason Blake, Erik Christensen) at 5:34
2. Wild , Rod Brind'Amour 3 (Niclas Havelid, Mike Grier) at 17:10
3. BlueJackets , Kyle Wellwood 4 (Fredrik Modin, Christian Ehrhoff) at 19:34

Penalities :
Sean Hill (MIN) for Slashing (Minor) at 1:36, Chris Higgins (MIN) for Hooking (Minor) at 5:56, Teemu Selanne (CBJ) for Cross-checking (Minor) at 8:55, Jason Smith (CBJ) for Slashing (Minor) at 10:50

Period #2

4. Wild , Michal Rozsival 2 (Marian Gaborik, Mathieu Schneider) at 3:13 (PP)
5. BlueJackets , Jason Blake 6 (Anze Kopitar, Duvie Westcott) at 15:12 (PP)

Penalities :
Mikael Samuelsson (MIN) for Tripping (Minor) at 0:44, Kyle Wellwood (CBJ) for Close Hand On Puck (Minor) at 2:53, Duvie Westcott (CBJ) for Tripping (Minor) at 4:17, Alain Nasreddine (CBJ) for High sticking (Minor) at 7:34, Michal Rozsival (MIN) for Hooking (Minor) at 10:28, Jason Blake (CBJ) for Slashing (Minor) at 11:21, Mikael Samuelsson (MIN) for Hooking (Minor) at 14:03, Martin Straka (MIN) for Roughing (Minor) at 15:39, Jason Smith (CBJ) for Hooking (Minor) at 15:39, Marian Gaborik (MIN) for Diving (Minor) at 18:42

Period #3

No Goal

Penalities :
Martin Straka (MIN) for Hooking (Minor) at 1:48, Chris Higgins (MIN) for Hooking (Minor) at 4:58, Niklas Backstrom (CBJ) for Slashing (Minor) at 10:17 - Fredrik Modin served the penalty., Jason Smith (CBJ) for Slashing (Minor) at 11:57, Martin Straka (MIN) for Roughing (Minor) at 16:11

Goalie Stats

Niklas Backstrom (CBJ), 27 saves from 29 shots - (0.931), W, 5-2-1, 60:00 minutes
Manny Fernandez (MIN), 17 saves from 17 shots - (1.000), 23:58 minutes
Manny Legace (MIN), 11 saves from 14 shots - (0.786), L, 6-2-0, 35:12 minutes

Players Stats

BlueJackets
Player Name              G  A  P  +/- PIM S  H  SB FO MP 
-----------------------------------------------------------
Alain Nasreddine         0  0  0   1  2   0  0  0  0  14 
Anze Kopitar             1  1  2   1  0   3  1  0  19 18 
Brent Burns              0  0  0  -1  0   5  0  2  0  26 
Christian Ehrhoff        0  1  1   1  0   3  2  0  0  22 
Dan Fritsche             0  0  0   0  0   0  0  0  2  10 
Duvie Westcott           0  1  1   1  2   0  1  1  0  16 
Erik Christensen         0  1  1   1  0   1  0  0  1  18 
Fredrik Modin            0  1  1   1  0   2  0  1  1  15 
Jason Blake              1  1  2   1  2   7  1  0  1  19 
Jason Chimera            0  0  0   0  0   2  2  0  5  10 
Jason Smith              0  0  0   1  6   0  0  1  0  17 
Kurtis Foster            0  0  0   1  0   0  1  2  0  24 
Kyle Wellwood            1  0  1   1  2   2  0  0  21 13 
Marc Savard              0  0  0  -1  0   1  1  1  28 18 
Nick Schultz             0  0  0  -1  0   0  0  0  0  17 
Steve Rucchin            0  0  0   0  0   0  1  0  12 11 
Teemu Selanne            0  0  0  -1  2   5  0  1  2  18 
Vyacheslav Kozlov        0  0  0  -1  0   0  3  0  2  18 
Wild
Player Name              G  A  P  +/- PIM S  H  SB FO MP 
-----------------------------------------------------------
Brian Rolston            0  0  0   0  0   5  1  0  1  23 
Chris Higgins            0  0  0  -1  4   0  3  0  1  16 
Duncan Keith             0  0  0  -1  0   0  2  0  0  19 
Filip Kuba               0  0  0   0  0   0  0  0  0  8  
Joe Sakic                0  0  0   0  0   5  2  0  31 17 
Keith Carney             0  0  0   0  0   0  0  0  0  3  
Kim Johnsson             0  0  0   0  0   0  0  2  0  12 
Marian Gaborik           0  1  1  -1  2   3  2  0  4  19 
Martin Straka            0  0  0   0  6   2  1  0  1  22 
Mathieu Schneider        0  1  1   0  0   0  0  2  0  24 
Michal Rozsival          1  0  1  -1  2   2  0  0  0  17 
Mikael Samuelsson        0  0  0   0  4   3  1  0  1  14 
Mike Grier               0  1  1   0  0   1  1  0  1  14 
Niclas Havelid           0  1  1   0  0   0  2  1  0  20 
Olli Jokinen             0  0  0  -1  0   4  4  0  33 25 
Rod Brind'Amour          1  0  1   0  0   4  1  0  21 20 
Sean Hill                0  0  0   0  2   0  1  2  0  24 
Wes Walz                 0  0  0   0  0   0  0  0  0  2  

3 Stars

1 - Anze Kopitar (CBJ)
2 - Jason Blake (CBJ)
3 - Kyle Wellwood (CBJ)

Power Play

BlueJackets - 1 on 9 Attempt(s) - 11.11%
Wild - 1 on 8 Attempt(s) - 12.50%

Penalty Kill

BlueJackets - 7 on 8 Attempt(s) - 87.50% - Score 0 goal in Penalty Kill
Wild - 8 on 9 Attempt(s) - 88.89% - Score 0 goal in Penalty Kill

Game Notes

Manny Fernandez enters game at 15:12 of 2nd period

Finance

Level 1 -- Attendance: 4115 (68.58%) -- Ticket Income $411,500.00
Level 2 -- Attendance: 3622 (72.44%) -- Ticket Income $217,320.00
Level 3 -- Attendance: 1836 (88.94%) -- Ticket Income $64,260.00
Level 4 -- Attendance: 3477 (86.92%) -- Ticket Income $69,540.00
Luxury Box -- Attendance: 677 (67.66%) -- Ticket Income $135,400.00
Game was played at the Xcel Energy Center
Total Attendance: 13727 (75.99%)
Total Ticket Income: $901,154.80
Other Income: $175,694.10
Total Income: $1,076,849.00


Play by Play

Period #1

0:01 of 1st period - Marc Savard wins face-off versus Joe Sakic in neutral zone.
0:03 of 1st period - Vyacheslav Kozlov is hit by Martin Straka and loses puck.
0:08 of 1st period - Shot by Vyacheslav Kozlov.
0:08 of 1st period - Shot Blocked by Sean Hill.
0:10 of 1st period - Shot by Marc Savard.
0:10 of 1st period - Shot Misses the Net.
0:12 of 1st period - Shot by Vyacheslav Kozlov.
0:12 of 1st period - Deflect By Teemu Selanne.
0:12 of 1st period - Shot Blocked by Mathieu Schneider.
0:16 of 1st period - Shot by Teemu Selanne.
0:16 of 1st period - Stopped by Manny Legace with a rebound.
0:20 of 1st period - Shot by Teemu Selanne.
0:20 of 1st period - Shot Misses the Net.
0:22 of 1st period - Shot by Teemu Selanne.
0:22 of 1st period - Stopped by Manny Legace without a rebound.
0:23 of 1st period - Anze Kopitar wins face-off versus Olli Jokinen in Wild zone.
0:36 of 1st period - Shot by Olli Jokinen.
0:36 of 1st period - Shot Misses the Net.
0:58 of 1st period - Shot by Olli Jokinen.
0:58 of 1st period - Stopped by Niklas Backstrom without a rebound.
0:59 of 1st period - Joe Sakic wins face-off versus Marc Savard in BlueJackets zone.
1:04 of 1st period - Shot by Brian Rolston.
1:04 of 1st period - Shot Misses the Net.
1:14 of 1st period - Shot by Martin Straka.
1:14 of 1st period - Shot Misses the Net.
1:36 of 1st period - Minor Penalty to Sean Hill for Slashing.
1:37 of 1st period - Rod Brind'Amour wins face-off versus Anze Kopitar in Wild zone.
3:57 of 1st period - Shot by Dan Fritsche.
3:57 of 1st period - Deflect By Jason Chimera.
3:57 of 1st period - Stopped by Manny Legace without a rebound.
3:58 of 1st period - Fredrik Modin wins face-off versus Olli Jokinen in Wild zone.
4:20 of 1st period - Icing by Christian Ehrhoff.
4:21 of 1st period - Rod Brind'Amour wins face-off versus Kyle Wellwood in BlueJackets zone.
4:45 of 1st period - Off-side.
4:46 of 1st period - Joe Sakic wins face-off versus Marc Savard in neutral zone.
5:06 of 1st period - Icing by Sean Hill.
5:07 of 1st period - Anze Kopitar wins face-off versus Joe Sakic in Wild zone.
5:18 of 1st period - Shot by Jason Blake.
5:18 of 1st period - Stopped by Manny Legace without a rebound.
5:19 of 1st period - Anze Kopitar wins face-off versus Olli Jokinen in Wild zone.
5:34 of 1st period - Shot by Jason Blake.
5:34 of 1st period - Deflect By Anze Kopitar.
5:34 of 1st period - Goal by Anze Kopitar - BlueJackets : 1 - Wild : 0.
5:35 of 1st period - Rod Brind'Amour wins face-off versus Marc Savard in neutral zone.
5:40 of 1st period - Shot by Rod Brind'Amour.
5:40 of 1st period - Stopped by Niklas Backstrom with a rebound.
5:46 of 1st period - Shot by Rod Brind'Amour.
5:46 of 1st period - Shot Blocked by Teemu Selanne.
5:48 of 1st period - Shot by Mikael Samuelsson.
5:48 of 1st period - Stopped by Niklas Backstrom without a rebound.
5:49 of 1st period - Kyle Wellwood wins face-off versus Olli Jokinen in BlueJackets zone.
5:49 of 1st period - Kyle Wellwood is hit by Chris Higgins.
5:56 of 1st period - Minor Penalty to Chris Higgins for Hooking.
5:57 of 1st period - Rod Brind'Amour wins face-off versus Anze Kopitar in Wild zone.
6:52 of 1st period - Icing by Brent Burns.
6:53 of 1st period - Marc Savard wins face-off versus Olli Jokinen in BlueJackets zone.
6:53 of 1st period - Christian Ehrhoff is hit by Niclas Havelid and loses puck.
6:55 of 1st period - Christian Ehrhoff is hit by Olli Jokinen.
6:58 of 1st period - Icing by Brent Burns.
6:59 of 1st period - Marc Savard wins face-off versus Olli Jokinen in BlueJackets zone.
7:09 of 1st period - Shot by Brent Burns.
7:09 of 1st period - Stopped by Manny Legace with a rebound.
7:11 of 1st period - Shot by Brent Burns.
7:11 of 1st period - Stopped by Manny Legace without a rebound.
7:12 of 1st period - Olli Jokinen wins face-off versus Anze Kopitar in Wild zone.
7:31 of 1st period - Mathieu Schneider is hit by Anze Kopitar and loses puck.
7:37 of 1st period - Jason Blake is hit by Olli Jokinen and loses puck.
8:25 of 1st period - Jason Chimera is hit by Duncan Keith and loses puck.
8:34 of 1st period - Shot by Marian Gaborik.
8:34 of 1st period - Shot Blocked by Brent Burns.
8:55 of 1st period - Minor Penalty to Teemu Selanne for Cross-checking.
8:56 of 1st period - Kyle Wellwood wins face-off versus Joe Sakic in neutral zone.
9:05 of 1st period - Nick Schultz is hit by Joe Sakic and loses puck.
10:19 of 1st period - Off-side.
10:20 of 1st period - Joe Sakic wins face-off versus Steve Rucchin in neutral zone.
10:27 of 1st period - Shot by Joe Sakic.
10:27 of 1st period - Stopped by Niklas Backstrom without a rebound.
10:28 of 1st period - Steve Rucchin wins face-off versus Joe Sakic in BlueJackets zone.
10:50 of 1st period - Minor Penalty to Jason Smith for Slashing.
10:51 of 1st period - Steve Rucchin wins face-off versus Olli Jokinen in BlueJackets zone.
11:00 of 1st period - Shot by Michal Rozsival.
11:00 of 1st period - Shot Misses the Net.
11:02 of 1st period - Shot by Michal Rozsival.
11:02 of 1st period - Stopped by Niklas Backstrom without a rebound.
11:03 of 1st period - Olli Jokinen wins face-off versus Steve Rucchin in BlueJackets zone.
11:29 of 1st period - Off-side.
11:30 of 1st period - Joe Sakic wins face-off versus Steve Rucchin in neutral zone.
12:26 of 1st period - Off-side.
12:27 of 1st period - Kyle Wellwood wins face-off versus Olli Jokinen in neutral zone.
14:05 of 1st period - Martin Straka is hit by Christian Ehrhoff and loses puck.
15:14 of 1st period - Shot by Rod Brind'Amour.
15:14 of 1st period - Stopped by Niklas Backstrom without a rebound.
15:15 of 1st period - Chris Higgins wins face-off versus Jason Blake in BlueJackets zone.
15:47 of 1st period - Anze Kopitar is hit by Marian Gaborik and loses puck.
16:13 of 1st period - Shot by Jason Chimera.
16:13 of 1st period - Shot Misses the Net.
16:27 of 1st period - Shot by Jason Chimera.
16:27 of 1st period - Stopped by Manny Legace without a rebound.
16:28 of 1st period - Marc Savard wins face-off versus Mike Grier in Wild zone.
16:53 of 1st period - Shot by Mikael Samuelsson.
16:53 of 1st period - Stopped by Niklas Backstrom with a rebound.
17:06 of 1st period - Shot by Mike Grier.
17:06 of 1st period - Deflect By Rod Brind'Amour.
17:06 of 1st period - Shot Misses the Net.
17:10 of 1st period - Shot by Rod Brind'Amour.
17:10 of 1st period - Goal by Rod Brind'Amour - BlueJackets : 1 - Wild : 1.
17:11 of 1st period - Joe Sakic wins face-off versus Kyle Wellwood in neutral zone.
17:18 of 1st period - Shot by Joe Sakic.
17:18 of 1st period - Stopped by Niklas Backstrom without a rebound.
17:19 of 1st period - Anze Kopitar wins face-off versus Joe Sakic in BlueJackets zone.
17:59 of 1st period - Off-side.
18:00 of 1st period - Rod Brind'Amour wins face-off versus Kyle Wellwood in neutral zone.
18:02 of 1st period - Off-side.
18:03 of 1st period - Rod Brind'Amour wins face-off versus Kyle Wellwood in neutral zone.
18:06 of 1st period - Fredrik Modin is hit by Mikael Samuelsson and loses puck.
18:13 of 1st period - Shot by Rod Brind'Amour.
18:13 of 1st period - Deflect By Mike Grier.
18:13 of 1st period - Shot Blocked by Duvie Westcott.
18:15 of 1st period - Shot by Mike Grier.
18:15 of 1st period - Shot Blocked by Fredrik Modin.
18:19 of 1st period - Shot by Rod Brind'Amour.
18:19 of 1st period - Deflect By Mike Grier.
18:19 of 1st period - Shot Misses the Net.
18:21 of 1st period - Shot by Mike Grier.
18:21 of 1st period - Stopped by Niklas Backstrom without a rebound.
18:22 of 1st period - Joe Sakic wins face-off versus Marc Savard in BlueJackets zone.
19:34 of 1st period - Shot by Fredrik Modin.
19:34 of 1st period - Deflect By Kyle Wellwood.
19:34 of 1st period - Goal by Kyle Wellwood - BlueJackets : 2 - Wild : 1.
19:35 of 1st period - Anze Kopitar wins face-off versus Olli Jokinen in neutral zone.

Period #2

0:01 of 2nd period - Joe Sakic wins face-off versus Marc Savard in neutral zone.
0:06 of 2nd period - Shot by Joe Sakic.
0:06 of 2nd period - Shot Misses the Net.
0:08 of 2nd period - Shot by Sean Hill.
0:08 of 2nd period - Shot Misses the Net.
0:23 of 2nd period - Shot by Joe Sakic.
0:23 of 2nd period - Stopped by Niklas Backstrom without a rebound.
0:24 of 2nd period - Erik Christensen wins face-off versus Olli Jokinen in BlueJackets zone.
0:33 of 2nd period - Shot by Jason Blake.
0:33 of 2nd period - Shot Misses the Net.
0:37 of 2nd period - Shot by Jason Blake.
0:37 of 2nd period - Stopped by Manny Legace without a rebound.
0:38 of 2nd period - Kyle Wellwood wins face-off versus Mikael Samuelsson in Wild zone.
0:44 of 2nd period - Minor Penalty to Mikael Samuelsson for Tripping.
0:45 of 2nd period - Marc Savard wins face-off versus Rod Brind'Amour in Wild zone.
1:02 of 2nd period - Mathieu Schneider is hit by Vyacheslav Kozlov and loses puck.
2:01 of 2nd period - Shot by Erik Christensen.
2:01 of 2nd period - Shot Misses the Net.
2:08 of 2nd period - Icing by Duvie Westcott.
2:09 of 2nd period - Rod Brind'Amour wins face-off versus Anze Kopitar in BlueJackets zone.
2:51 of 2nd period - Icing by Kim Johnsson.
2:52 of 2nd period - Rod Brind'Amour wins face-off versus Kyle Wellwood in Wild zone.
2:52 of 2nd period - Rod Brind'Amour is hit by Christian Ehrhoff.
2:53 of 2nd period - Minor Penalty to Kyle Wellwood for Close Hand On Puck.
2:54 of 2nd period - Olli Jokinen wins face-off versus Steve Rucchin in Wild zone.
3:11 of 2nd period - Shot by Mathieu Schneider.
3:11 of 2nd period - Deflect By Marian Gaborik.
3:11 of 2nd period - Shot Misses the Net.
3:13 of 2nd period - Shot by Michal Rozsival.
3:13 of 2nd period - Goal by Michal Rozsival - BlueJackets : 2 - Wild : 2.
3:14 of 2nd period - Anze Kopitar wins face-off versus Rod Brind'Amour in neutral zone.
3:14 of 2nd period - Anze Kopitar is hit by Niclas Havelid.
3:24 of 2nd period - Shot by Anze Kopitar.
3:24 of 2nd period - Stopped by Manny Legace with a rebound.
3:26 of 2nd period - Shot by Kurtis Foster.
3:26 of 2nd period - Shot Misses the Net.
4:07 of 2nd period - Fredrik Modin is hit by Duncan Keith and loses puck.
4:17 of 2nd period - Minor Penalty to Duvie Westcott for Tripping.
4:18 of 2nd period - Jason Chimera wins face-off versus Joe Sakic in BlueJackets zone.
4:28 of 2nd period - Off-side.
4:29 of 2nd period - Olli Jokinen wins face-off versus Jason Chimera in neutral zone.
4:58 of 2nd period - Shot by Marian Gaborik.
4:58 of 2nd period - Shot Blocked by Jason Smith.
6:21 of 2nd period - Shot by Chris Higgins.
6:21 of 2nd period - Shot Misses the Net.
6:43 of 2nd period - Shot by Mikael Samuelsson.
6:43 of 2nd period - Shot Blocked by Kurtis Foster.
6:47 of 2nd period - Shot by Rod Brind'Amour.
6:47 of 2nd period - Stopped by Niklas Backstrom without a rebound.
6:48 of 2nd period - Marian Gaborik wins face-off versus Kyle Wellwood in BlueJackets zone.
7:02 of 2nd period - Shot by Marian Gaborik.
7:02 of 2nd period - Shot Misses the Net.
7:04 of 2nd period - Shot by Martin Straka.
7:04 of 2nd period - Deflect By Olli Jokinen.
7:04 of 2nd period - Shot Misses the Net.
7:06 of 2nd period - Shot by Olli Jokinen.
7:06 of 2nd period - Stopped by Niklas Backstrom with a rebound.
7:08 of 2nd period - Shot by Olli Jokinen.
7:08 of 2nd period - Shot Misses the Net.
7:30 of 2nd period - Kim Johnsson is hit by Duvie Westcott and loses puck.
7:34 of 2nd period - Minor Penalty to Alain Nasreddine for High sticking.
7:35 of 2nd period - Joe Sakic wins face-off versus Jason Chimera in BlueJackets zone.
7:38 of 2nd period - Shot by Chris Higgins.
7:38 of 2nd period - Shot Hit the Post.
7:47 of 2nd period - Icing by Brian Rolston.
7:48 of 2nd period - Joe Sakic wins face-off versus Steve Rucchin in Wild zone.
7:59 of 2nd period - Shot by Joe Sakic.
7:59 of 2nd period - Shot Misses the Net.
8:01 of 2nd period - Shot by Brian Rolston.
8:01 of 2nd period - Shot Misses the Net.
8:03 of 2nd period - Shot by Brian Rolston.
8:03 of 2nd period - Stopped by Niklas Backstrom without a rebound.
8:04 of 2nd period - Jason Chimera wins face-off versus Olli Jokinen in BlueJackets zone.
9:14 of 2nd period - Off-side.
9:15 of 2nd period - Jason Chimera wins face-off versus Martin Straka in neutral zone.
10:17 of 2nd period - Shot by Rod Brind'Amour.
10:17 of 2nd period - Shot Misses the Net.
10:28 of 2nd period - Minor Penalty to Michal Rozsival for Hooking.
10:29 of 2nd period - Rod Brind'Amour wins face-off versus Marc Savard in Wild zone.
10:50 of 2nd period - Shot by Vyacheslav Kozlov.
10:50 of 2nd period - Shot Misses the Net.
10:52 of 2nd period - Shot by Teemu Selanne.
10:52 of 2nd period - Deflect By Marc Savard.
10:52 of 2nd period - Stopped by Manny Legace without a rebound.
10:53 of 2nd period - Anze Kopitar wins face-off versus Olli Jokinen in Wild zone.
11:08 of 2nd period - Shot by Anze Kopitar.
11:08 of 2nd period - Shot Misses the Net.
11:21 of 2nd period - Minor Penalty to Jason Blake for Slashing.
11:22 of 2nd period - Joe Sakic wins face-off versus Kyle Wellwood in Wild zone.
11:29 of 2nd period - Shot by Joe Sakic.
11:29 of 2nd period - Stopped by Niklas Backstrom without a rebound.
11:30 of 2nd period - Joe Sakic wins face-off versus Marc Savard in BlueJackets zone.
11:35 of 2nd period - Shot by Brian Rolston.
11:35 of 2nd period - Stopped by Niklas Backstrom without a rebound.
11:36 of 2nd period - Joe Sakic wins face-off versus Kyle Wellwood in BlueJackets zone.
11:43 of 2nd period - Shot by Joe Sakic.
11:43 of 2nd period - Shot Misses the Net.
11:47 of 2nd period - Shot by Brian Rolston.
11:47 of 2nd period - Stopped by Niklas Backstrom without a rebound.
11:48 of 2nd period - Olli Jokinen wins face-off versus Marc Savard in BlueJackets zone.
12:03 of 2nd period - Shot by Olli Jokinen.
12:03 of 2nd period - Shot Blocked by Kurtis Foster.
12:05 of 2nd period - Shot by Sean Hill.
12:05 of 2nd period - Shot Blocked by Marc Savard.
12:09 of 2nd period - Shot by Marian Gaborik.
12:09 of 2nd period - Stopped by Niklas Backstrom without a rebound.
12:10 of 2nd period - Joe Sakic wins face-off versus Kyle Wellwood in BlueJackets zone.
12:19 of 2nd period - Icing by Vyacheslav Kozlov.
12:20 of 2nd period - Joe Sakic wins face-off versus Kyle Wellwood in BlueJackets zone.
13:15 of 2nd period - Icing by Brian Rolston.
13:16 of 2nd period - Joe Sakic wins face-off versus Steve Rucchin in Wild zone.
13:16 of 2nd period - Joe Sakic is hit by Steve Rucchin.
13:31 of 2nd period - Erik Christensen is hit by Mike Grier and loses puck.
14:03 of 2nd period - Minor Penalty to Mikael Samuelsson for Hooking.
14:04 of 2nd period - Marc Savard wins face-off versus Rod Brind'Amour in BlueJackets zone.
14:11 of 2nd period - Shot by Teemu Selanne.
14:11 of 2nd period - Stopped by Manny Legace without a rebound.
14:12 of 2nd period - Teemu Selanne wins face-off versus Rod Brind'Amour in Wild zone.
14:22 of 2nd period - Teemu Selanne is hit by Olli Jokinen and loses puck.
14:49 of 2nd period - Brian Rolston is hit by Marc Savard and loses puck.
15:12 of 2nd period - Shot by Jason Blake.
15:12 of 2nd period - Goal by Jason Blake - BlueJackets : 3 - Wild : 2.
15:12 of 2nd period - Manny Fernandez enters game.
15:13 of 2nd period - Olli Jokinen wins face-off versus Kyle Wellwood in neutral zone.
15:18 of 2nd period - Shot by Marian Gaborik.
15:18 of 2nd period - Stopped by Niklas Backstrom with a rebound.
15:20 of 2nd period - Shot by Michal Rozsival.
15:20 of 2nd period - Shot Misses the Net.
15:24 of 2nd period - Shot by Olli Jokinen.
15:24 of 2nd period - Stopped by Niklas Backstrom without a rebound.
15:25 of 2nd period - Anze Kopitar wins face-off versus Joe Sakic in BlueJackets zone.
15:39 of 2nd period - Minor Penalty to Martin Straka for Roughing.
15:39 of 2nd period - Minor Penalty to Jason Smith for Hooking.
15:40 of 2nd period - Kyle Wellwood wins face-off versus Joe Sakic in BlueJackets zone.
15:44 of 2nd period - Icing by Vyacheslav Kozlov.
15:45 of 2nd period - Kyle Wellwood wins face-off versus Olli Jokinen in BlueJackets zone.
15:55 of 2nd period - Marian Gaborik is hit by Vyacheslav Kozlov and loses puck.
16:08 of 2nd period - Shot by Kyle Wellwood.
16:08 of 2nd period - Stopped by Manny Fernandez with a rebound.
16:10 of 2nd period - Shot by Brent Burns.
16:10 of 2nd period - Stopped by Manny Fernandez without a rebound.
16:11 of 2nd period - Joe Sakic wins face-off versus Marc Savard in Wild zone.
16:34 of 2nd period - Shot by Teemu Selanne.
16:34 of 2nd period - Stopped by Manny Fernandez with a rebound.
16:45 of 2nd period - Brian Rolston is hit by Kurtis Foster and loses puck.
17:02 of 2nd period - Kurtis Foster is hit by Brian Rolston and loses puck.
17:12 of 2nd period - Icing by Marc Savard.
17:13 of 2nd period - Olli Jokinen wins face-off versus Teemu Selanne in BlueJackets zone.
17:25 of 2nd period - Icing by Sean Hill.
17:26 of 2nd period - Kyle Wellwood wins face-off versus Olli Jokinen in Wild zone.
17:33 of 2nd period - Shot by Vyacheslav Kozlov.
17:33 of 2nd period - Shot Misses the Net.
17:35 of 2nd period - Shot by Brent Burns.
17:35 of 2nd period - Shot Misses the Net.
17:37 of 2nd period - Shot by Vyacheslav Kozlov.
17:37 of 2nd period - Shot Blocked by Mathieu Schneider.
17:39 of 2nd period - Shot by Brent Burns.
17:39 of 2nd period - Stopped by Manny Fernandez with a rebound.
18:18 of 2nd period - Off-side.
18:19 of 2nd period - Anze Kopitar wins face-off versus Marian Gaborik in neutral zone.
18:19 of 2nd period - Anze Kopitar is hit by Marian Gaborik.
18:26 of 2nd period - Erik Christensen is hit by Olli Jokinen and loses puck.
18:42 of 2nd period - Minor Penalty to Marian Gaborik for Diving.
18:43 of 2nd period - Rod Brind'Amour wins face-off versus Marc Savard in neutral zone.
18:48 of 2nd period - Shot by Brian Rolston.
18:48 of 2nd period - Stopped by Niklas Backstrom without a rebound.
18:49 of 2nd period - Olli Jokinen wins face-off versus Marc Savard in BlueJackets zone.

Period #3

0:01 of 3rd period - Marc Savard wins face-off versus Olli Jokinen in neutral zone.
0:47 of 3rd period - Shot by Jason Blake.
0:47 of 3rd period - Deflect By Anze Kopitar.
0:47 of 3rd period - Shot Misses the Net.
1:39 of 3rd period - Shot by Christian Ehrhoff.
1:39 of 3rd period - Stopped by Manny Fernandez with a rebound.
1:41 of 3rd period - Shot by Fredrik Modin.
1:41 of 3rd period - Stopped by Manny Fernandez without a rebound.
1:42 of 3rd period - Steve Rucchin wins face-off versus Joe Sakic in Wild zone.
1:48 of 3rd period - Minor Penalty to Martin Straka for Hooking.
1:49 of 3rd period - Rod Brind'Amour wins face-off versus Marc Savard in Wild zone.
1:59 of 3rd period - Teemu Selanne is hit by Sean Hill and loses puck.
2:02 of 3rd period - Shot by Christian Ehrhoff.
2:02 of 3rd period - Stopped by Manny Fernandez without a rebound.
2:03 of 3rd period - Marc Savard wins face-off versus Brian Rolston in Wild zone.
2:41 of 3rd period - Icing by Christian Ehrhoff.
2:42 of 3rd period - Olli Jokinen wins face-off versus Marc Savard in BlueJackets zone.
3:26 of 3rd period - Erik Christensen is hit by Rod Brind'Amour and loses puck.
3:58 of 3rd period - Mikael Samuelsson is hit by Jason Chimera and loses puck.
4:05 of 3rd period - Mike Grier is hit by Jason Chimera and loses puck.
4:30 of 3rd period - Shot by Jason Chimera.
4:30 of 3rd period - Deflect By Dan Fritsche.
4:30 of 3rd period - Shot Blocked by Kim Johnsson.
4:32 of 3rd period - Shot by Nick Schultz.
4:32 of 3rd period - Shot Blocked by Sean Hill.
4:53 of 3rd period - Icing by Alain Nasreddine.
4:54 of 3rd period - Kyle Wellwood wins face-off versus Marian Gaborik in BlueJackets zone.
4:58 of 3rd period - Minor Penalty to Chris Higgins for Hooking.
4:59 of 3rd period - Anze Kopitar wins face-off versus Olli Jokinen in neutral zone.
5:13 of 3rd period - Shot by Jason Blake.
5:13 of 3rd period - Shot Blocked by Niclas Havelid.
5:17 of 3rd period - Shot by Jason Blake.
5:17 of 3rd period - Shot Misses the Net.
5:23 of 3rd period - Shot by Brent Burns.
5:23 of 3rd period - Stopped by Manny Fernandez with a rebound.
5:25 of 3rd period - Shot by Jason Blake.
5:25 of 3rd period - Stopped by Manny Fernandez without a rebound.
5:26 of 3rd period - Vyacheslav Kozlov wins face-off versus Rod Brind'Amour in Wild zone.
5:27 of 3rd period - Shot by Christian Ehrhoff.
5:27 of 3rd period - Stopped by Manny Fernandez without a rebound.
5:28 of 3rd period - Marc Savard wins face-off versus Rod Brind'Amour in Wild zone.
5:54 of 3rd period - Icing by Teemu Selanne.
5:55 of 3rd period - Marc Savard wins face-off versus Olli Jokinen in BlueJackets zone.
6:37 of 3rd period - Shot by Erik Christensen.
6:37 of 3rd period - Stopped by Manny Fernandez without a rebound.
6:38 of 3rd period - Rod Brind'Amour wins face-off versus Anze Kopitar in Wild zone.
6:49 of 3rd period - Shot by Jason Blake.
6:49 of 3rd period - Stopped by Manny Fernandez without a rebound.
6:50 of 3rd period - Marc Savard wins face-off versus Rod Brind'Amour in Wild zone.
6:59 of 3rd period - Shot by Kyle Wellwood.
6:59 of 3rd period - Deflect By Fredrik Modin.
6:59 of 3rd period - Stopped by Manny Fernandez without a rebound.
7:00 of 3rd period - Marc Savard wins face-off versus Rod Brind'Amour in Wild zone.
7:09 of 3rd period - Shot by Vyacheslav Kozlov.
7:09 of 3rd period - Shot Misses the Net.
8:00 of 3rd period - Shot by Jason Blake.
8:00 of 3rd period - Shot Blocked by Kim Johnsson.
8:04 of 3rd period - Shot by Jason Blake.
8:04 of 3rd period - Stopped by Manny Fernandez with a rebound.
9:00 of 3rd period - Shot by Brian Rolston.
9:00 of 3rd period - Stopped by Niklas Backstrom without a rebound.
9:01 of 3rd period - Vyacheslav Kozlov wins face-off versus Marian Gaborik in BlueJackets zone.
9:10 of 3rd period - Shot by Teemu Selanne.
9:10 of 3rd period - Stopped by Manny Fernandez without a rebound.
9:11 of 3rd period - Olli Jokinen wins face-off versus Marc Savard in Wild zone.
9:11 of 3rd period - Olli Jokinen is hit by Vyacheslav Kozlov.
9:25 of 3rd period - Shot by Marian Gaborik.
9:25 of 3rd period - Shot Misses the Net.
9:29 of 3rd period - Shot by Marian Gaborik.
9:29 of 3rd period - Shot Misses the Net.
10:05 of 3rd period - Shot by Jason Blake.
10:05 of 3rd period - Stopped by Manny Fernandez without a rebound.
10:06 of 3rd period - Joe Sakic wins face-off versus Kyle Wellwood in Wild zone.
10:17 of 3rd period - Shot by Joe Sakic.
10:17 of 3rd period - Deflect By Martin Straka.
10:17 of 3rd period - Stopped by Niklas Backstrom without a rebound.
10:17 of 3rd period - Minor Penalty to Niklas Backstrom for Slashing.
10:18 of 3rd period - Steve Rucchin wins face-off versus Joe Sakic in BlueJackets zone.
10:46 of 3rd period - Shot by Joe Sakic.
10:46 of 3rd period - Stopped by Niklas Backstrom without a rebound.
10:47 of 3rd period - Olli Jokinen wins face-off versus Steve Rucchin in BlueJackets zone.
11:04 of 3rd period - Shot by Olli Jokinen.
11:04 of 3rd period - Stopped by Niklas Backstrom without a rebound.
11:05 of 3rd period - Dan Fritsche wins face-off versus Joe Sakic in BlueJackets zone.
11:05 of 3rd period - Dan Fritsche is hit by Joe Sakic.
11:57 of 3rd period - Minor Penalty to Jason Smith for Slashing.
11:58 of 3rd period - Steve Rucchin wins face-off versus Joe Sakic in Wild zone.
12:05 of 3rd period - Steve Rucchin is hit by Chris Higgins and loses puck.
13:36 of 3rd period - Shot by Mikael Samuelsson.
13:36 of 3rd period - Stopped by Niklas Backstrom without a rebound.
13:37 of 3rd period - Joe Sakic wins face-off versus Kyle Wellwood in BlueJackets zone.
14:24 of 3rd period - Shot by Anze Kopitar.
14:24 of 3rd period - Stopped by Manny Fernandez without a rebound.
14:25 of 3rd period - Olli Jokinen wins face-off versus Marc Savard in Wild zone.
14:47 of 3rd period - Teemu Selanne is hit by Chris Higgins and loses puck.
16:11 of 3rd period - Minor Penalty to Martin Straka for Roughing.
16:12 of 3rd period - Anze Kopitar wins face-off versus Olli Jokinen in neutral zone.
16:51 of 3rd period - Chris Higgins is hit by Jason Blake and loses puck.
16:59 of 3rd period - Icing by Anze Kopitar.
17:00 of 3rd period - Rod Brind'Amour wins face-off versus Anze Kopitar in BlueJackets zone.
17:51 of 3rd period - Icing by Vyacheslav Kozlov.
17:52 of 3rd period - Olli Jokinen wins face-off versus Marc Savard in BlueJackets zone.
19:10 of 3rd period - Wild, Manny Fernandez is pulled from the net.
19:12 of 3rd period - Shot by Marian Gaborik.
19:12 of 3rd period - Shot Misses the Net.
19:16 of 3rd period - Shot by Martin Straka.
19:16 of 3rd period - Stopped by Niklas Backstrom without a rebound.
19:17 of 3rd period - Olli Jokinen wins face-off versus Dan Fritsche in BlueJackets zone.
19:20 of 3rd period - Shot by Chris Higgins.
19:20 of 3rd period - Shot Blocked by Brent Burns.
19:24 of 3rd period - Shot by Marian Gaborik.
19:24 of 3rd period - Stopped by Niklas Backstrom without a rebound.
19:25 of 3rd period - Joe Sakic wins face-off versus Anze Kopitar in BlueJackets zone.
19:45 of 3rd period - Icing by Jason Smith.
19:46 of 3rd period - Olli Jokinen wins face-off versus Anze Kopitar in BlueJackets zone.


Output by the SimonT Hockey Simulator (STHS) for Stephane Roy -- Original Page W3C XHTML 1.0 Valid